[Event "Early-Titled-Tuesday-Blitz-February-27-2024"]
[Site "Chess.com"]
[Date "2024.02.27"]
[Round "5"]
[White "chessamical"]
[Black "maroro07"]
[Result "0-1"]
[WhiteElo "2132"]
[BlackElo "2415"]
[TimeControl "180+1"]
[EndTime "8:52:37 PST"]
[Termination "maroro07 won by checkmate"]

1. Nf3 d5 2. c4 e6 3. b3 c5 4. cxd5 exd5 5. g3 Nf6 6. Bg2 d4 7.
O-O Nc6 8. a3 Be7 9. d3 O-O 10.
Nbd2 a5 11. Nc4 Be6 12. Nfe5 Nxe5 13. Nxe5 Qc7 14. Nc4 Nd5 15. e4 dxe3 16. Nxe3 Rad8 17. Qc2 b6 18. Bb2 h5 19. Rac1 h4 20. d4 Nxe3 21. fxe3 hxg3 22. hxg3 Qxg3 23. Rf3 Qg5 24. Rcf1 Bg4 25.
Rf4 Bd6 26. dxc5 Bxf4 27. Rxf4 Rd1+ 28. Kf2 Qh4# 0-1

[Event "Early-Titled-Tuesday-Blitz-February-27-2024"]
[Site "Chess.com"]
[Date "2024.02.27"]
[Round "5"]
[White "GMSrinath"]
[Black "laziestwin"]
[Result "1-0"]
[WhiteElo "2802"]
[BlackElo "2568"]
[TimeControl "180+1"]
[EndTime "8:52:38 PST"]
[Termination "GMSrinath won by checkmate"]

1. Nf3 d5 2. e3 Nf6 3. c4 e6 4.
Nc3 a6 5. b3 b6 6. Bb2 Bb7 7.
cxd5 exd5 8. g3 c5 9. Bg2 Nc6 10.
d4 Be7 11. O-O O-O 12. dxc5 bxc5 13. Rc1 d4 14. exd4 cxd4 15. Na4 Nb4 16. a3 Nc6 17.
Nxd4 Nxd4 18. Bxb7 Rb8 19. Qxd4 Rxb7 20. b4 a5 21. Qxd8 Rxd8 22. Bxf6 gxf6 23. bxa5 Ra8 24. Nb6 Rxa5 25. Rc8+ Kg7 26. Nc4 Ra4 27. Ne3 Rb5 28. g4 Bxa3 29. Nf5+ Kg6 30. Rg8# 1-0

[Event "Early-Titled-Tuesday-Blitz-February-27-2024"]
[Site "Chess.com"]
[Date "2024.02.27"]
[Round "5"]
[White "joshdaruca"]
[Black "losersgame"]
[Result "1-0"]
[WhiteElo "2769"]
[BlackElo "2517"]
[TimeControl "180+1"]
[EndTime "8:52:38 PST"]
[Termination "joshdaruca won on time"]

1. d4 Nf6 2. c4 Nc6 3. Nc3 e5 4.
Nf3 exd4 5. Nxd4 Bb4 6. Nc2 Bxc3+ 7. bxc3 d6 8. g3 O-O 9. Bg2 Rb8 10. Ba3 Nd7 11.
Ne3 Na5 12. Qa4 b6 13. Bb4 Nc5 14. Qa3 Bb7 15. Bxa5 Bxg2 16. Nxg2 bxa5 17. Qxa5 Rb2 18. O-O Rxe2 19. Qxa7 Rc2 20. Rfc1 Rd2 21. Rd1 1-0

[Event "Early-Titled-Tuesday-Blitz-February-27-2024"]
[Site "Chess.com"]
[Date "2024.02.27"]
[Round "5"]
[White "ACollins05"]
[Black "emeli_chess"]
[Result "1-0"]
[WhiteElo "2592"]
[BlackElo "2434"]
[TimeControl "180+1"]
[EndTime "8:52:38 PST"]
[Termination "ACollins05 won on time"]

1. d4 Nf6 2. c4 e6 3. Nf3 d5 4.
Nc3 Bb4 5. Bg5 h6 6. Bxf6 Qxf6 7. e3 O-O 8. Rc1 Nc6 9. Qb3 dxc4 10. Bxc4 Bd6 11. Ne4 Qe7 12. Nxd6 cxd6 13. O-O Na5 14. Qa3 Nxc4 15. Rxc4 a6 16. Rfc1 Qd8 17. Rc7 Re8 18.
Qc3 Bd7 19. Rxb7 Rc8 20. Rc7 Rxc7 21. Qxc7 Qxc7 22. Rxc7 Rc8 23. Rxc8+ Bxc8 24. Kf1 f6 25. Ke2 Kf7 26. Kd3 Ke7 27. Kc4 Kd7 28. Kb4 Kc7 29. Ka5 Bb7 30. Ne1 Bd5 31. a4 Kb7 32. f3 Bc4 33. b4 e5 34. b5 axb5 35. axb5 Bf1 36. g3 Be2 37. f4 g5 38. Nc2 Bc4 39. Kb4 Bd3 40. Na3 Kb6 41. Nc4+ 1-0

[Event "Early-Titled-Tuesday-Blitz-February-27-2024"]
[Site "Chess.com"]
[Date "2024.02.27"]
[Round "5"]
[White "dropstoneDP"]
[Black "Makswolf200817"]
[Result "1-0"]
[WhiteElo "3031"]
[BlackElo "2726"]
[TimeControl "180+1"]
[EndTime "8:52:40 PST"]
[Termination "dropstoneDP won by checkmate"]

1. e4 c5 2. Nf3 d6 3. d4 cxd4 4. Nxd4 Nf6 5. Nc3 a6 6. f3 e5 7. Nb3 Be7 8. Be3 Be6 9. Qd2 h5 10. Nd5 Nxd5 11. exd5 Bf5 12. Be2 O-O 13. O-O a5 14. a4 Nd7 15. f4 exf4 16. Bxf4 Bg6 17. Kh1 Re8 18. Bb5 Qc7 19. c3 Bf6 20. Rae1 Rxe1 21.
Rxe1 Nb6 22. Bg5 Nc4 23. Bxc4 Bxg5 24. Qxg5 Qxc4 25. Nd4 Qxa4 26. h3 Qc4 27. Re7 b5 28. Rd7 b4 29. Rd8+ Rxd8 30. Qxd8+ Kh7 31. Nf3 bxc3 32.
bxc3 Qxd5 33. Ng5+ Kh6 34. h4 Bh7 35. Qe7 f6 36. Nf7+ Kg6 37. Nxd6 Bg8 38. c4 Qd1+ 39. Kh2 Qd4 40. Qe8+ Kh7 41. Qxh5# 1-0

[Event "Early-Titled-Tuesday-Blitz-February-27-2024"]
[Site "Chess.com"]
[Date "2024.02.27"]
[Round "5"]
[White "NewBornNow"]
[Black "Hananmo"]
[Result "1-0"]
[WhiteElo "2865"]
[BlackElo "2522"]
[TimeControl "180+1"]
[EndTime "8:52:42 PST"]
[Termination "NewBornNow won by resignation"]

1. e4 c5 2. Nf3 e6 3. d4 cxd4 4. Nxd4 Nc6 5. a3 Qc7 6. Nc3 a6 7. Be3 Nf6 8. Be2 Be7 9. f4 d6 10. g4 b5 11. g5 Nd7 12. Nxc6 Qxc6 13. Qd4 e5 14. Qd2 exf4 15. Bxf4 Ne5 16. O-O-O Be6 17. h4 Rc8 18. h5 O-O 19. Nd5 Bxd5 20. exd5 Qc5 21.
Kb1 Nc4 22. Bxc4 bxc4 23. Qc3 f6 24. Rhe1 Rc7 25. g6 h6 26. Re6 Rb8 27. Ka1 f5 28.
Be3 Bf6 29. Rxf6 1-0

[Event "Early-Titled-Tuesday-Blitz-February-27-2024"]
[Site "Chess.com"]
[Date "2024.02.27"]
[Round "5"]
[White "TitarovVasiliYouTube"]
[Black "MarijaKuznecova"]
[Result "1-0"]
[WhiteElo "2519"]
[BlackElo "2327"]
[TimeControl "180+1"]
[EndTime "8:52:45 PST"]
[Termination "TitarovVasiliYouTube won by resignation"]

1. e4 c5 2. Nf3 d6 3. Be2 Nf6 4. Nc3 Nc6 5. O-O e5 6. Bc4 h6 7. d3 g6 8. a3 Bg7 9. b4 cxb4 10.
axb4 Nxb4 11. Ba3 Nc6 12. Nb5 Bf8 13. d4 a6 14. Nc3 exd4 15. Nxd4 Be7 16. Nxc6 bxc6 17.
Qd2 O-O 18. Qxh6 d5 19. Bxe7 Qxe7 20. exd5 Qc5 21. Qh4 cxd5 22. Qxf6 Qxc4 23. Ra4 Bf5 24. Rxc4 dxc4 25. Nd5 1-0

[Event "Early-Titled-Tuesday-Blitz-February-27-2024"]
[Site "Chess.com"]
[Date "2024.02.27"]
[Round "5"]
[White "quvnoq_muxlis"]
[Black "MetiForce"]
[Result "0-1"]
[WhiteElo "2676"]
[BlackElo "2896"]
[TimeControl "180+1"]
[EndTime "8:52:47 PST"]
[Termination "MetiForce won by resignation"]

1. e4 c5 2. Nf3 Nc6 3. Bb5 g6 4. O-O Bg7 5. Re1 e6 6. c3 Nge7 7. d4 cxd4 8. cxd4 d5 9. Bxc6+ bxc6 10. e5 O-O 11. Nc3 h6 12. Na4 g5 13. h3 Ng6 14.
Nc5 f6 15. exf6 Qxf6 16. Qc2 a5 17. b3 Ra7 18. Nd3 Qf5 19. Ba3 Ba6 20. Re3 Rf6 21. Nc5 Qxc2 0-1

[Event "Early-Titled-Tuesday-Blitz-February-27-2024"]
[Site "Chess.com"]
[Date "2024.02.27"]
[Round "5"]
[White "MattyDPerrine"]
[Black "FoxOnTheRun97"]
[Result "0-1"]
[WhiteElo "2496"]
[BlackElo "2654"]
[TimeControl "180+1"]
[EndTime "8:52:47 PST"]
[Termination "FoxOnTheRun97 won on time"]

1. e4 c6 2. d4 d5 3. exd5 cxd5 4. Bd3 Nc6 5. c3 Nf6 6. h3 g6 7. Nf3 Bf5 8. O-O Bg7 9. Re1 Bxd3 10. Qxd3 O-O 11.
Bf4 a6 12. Nbd2 b5 13. a3 Na5 14. Re2 e6 15. Ne5 Nc4 16. Nb3 Ne4 17. f3 Qh4 18. fxe4 Qxf4 19. Nf3 dxe4 20. Rxe4 Nxb2 21. Qe2 Qf5 22. Ne5 Nc4 23. Nxc4 bxc4 24. Nd2 Rab8 25.
Nxc4 Rb3 26. Rc1 Qb5 0-1

[Event "Early-Titled-Tuesday-Blitz-February-27-2024"]
[Site "Chess.com"]
[Date "2024.02.27"]
[Round "5"]
[White "NovakRatko"]
[Black "dorpato"]
[Result "1-0"]
[WhiteElo "2471"]
[BlackElo "2101"]
[TimeControl "180+1"]
[EndTime "8:52:49 PST"]
[Termination "NovakRatko won on time"]

1. d4 Nf6 2. c4 g6 3. Nc3 d5 4. f3 Bg7 5. e4 c6 6. e5 Ng8 7. f4 e6 8. Nf3 Ne7 9. b3 b6 10. Bd3 Bb7 11. Ba3 Nc8 12. g4 Nd7 13. f5 Bf8 14. Bb2 Qc7 15. fxe6 fxe6 16. Ng5 Nxe5 17.
dxe5 Qxe5+ 18. Qe2 Qxg5 19. Qxe6+ Qe7 20. Qxe7+ Bxe7 21. Nxd5 Rf8 22. Nc7+ Kd7 23. Nxa8 Bxa8 24. O-O-O Bg5+ 25. Kb1 Kc7 26. Be5+ Kb7 27. h4 1-0

[Event "Early-Titled-Tuesday-Blitz-February-27-2024"]
[Site "Chess.com"]
[Date "2024.02.27"]
[Round "5"]
[White "nihalsarin"]
[Black "GP9isback23"]
[Result "1-0"]
[WhiteElo "3190"]
[BlackElo "2600"]
[TimeControl "180+1"]
[EndTime "8:52:52 PST"]
[Termination "nihalsarin won on time"]

1. c4 e6 2. Nc3 d5 3. d4 Nf6 4. cxd5 exd5 5. Bf4 Bd6 6. Bg3 O-O 7. e3 c5 8. dxc5 Bxc5 9. Nf3 Nc6 10. Be2 d4 11. exd4 Nxd4 12. Nxd4 Qxd4 13. O-O Qxd1 14. Rfxd1 Be6 15. Bf3 Rad8 16. Bxb7 Bg4 17. Bf3 Bxf3 18. gxf3 Bd4 19. Rac1 h6 20. Kg2 Rfe8 21.
Nb5 Bxb2 22. Rxd8 Rxd8 23. Rc2 Bd4 24. Rd2 Bb6 25. Rxd8+ Bxd8 26. Nxa7 Bb6 27. Nc6 Kf8 28. a4 Ke8 29. a5 Bc5 30. a6 Kd7 31. a7 Bxa7 32.
Nxa7 Ke6 33. Nb5 Nd7 34. Nc7+ Ke7 35. Nd5+ Ke6 36. Nf4+ Ke7 37. Nd3 f6 38. Kf1 g5 39.
Bc7 Ke6 40. f4 Kf5 41. fxg5 hxg5 42. Ke2 Nf8 43. Ke3 Ne6 44. Bd6 Kg4 45. Ke4 f5+ 46. Ke5 Ng7 47. Bf8 Nh5 48. f3+ Kxf3 49. Kxf5 g4 50.
Ne5+ 1-0

[Event "Early-Titled-Tuesday-Blitz-February-27-2024"]
[Site "Chess.com"]
[Date "2024.02.27"]
[Round "5"]
[White "leclash"]
[Black "santosalberto1987"]
[Result "1-0"]
[WhiteElo "2420"]
[BlackElo "2550"]
[TimeControl "180+1"]
[EndTime "8:52:53 PST"]
[Termination "leclash won by resignation"]

1. d4 Nf6 2. c4 d6 3. Nc3 e5 4.
Bg5 h6 5. Bh4 g5 6. Bg3 Nc6 7.
dxe5 Nxe5 8. e3 Be6 9. Nf3 Nxf3+ 10. gxf3 Bg7 11. Qc2 Qd7 12. O-O-O a6 13. c5 d5 14. e4 c6 15. Na4 Qd8 16. Nb6 Ra7 17. h4 Nd7 18. Nxd7 Qxd7 19. Bd6 d4 20. hxg5 hxg5 21.
Rxh8+ Bxh8 22. e5 Bxa2 23. Qh7 Qe6 24. Qxh8+ Kd7 25. Qb8 Qb3 26. Qc7+ Ke6 27. Qe7+ 1-0

[Event "Early-Titled-Tuesday-Blitz-February-27-2024"]
[Site "Chess.com"]
[Date "2024.02.27"]
[Round "5"]
[White "klimkoj"]
[Black "ASVZ"]
[Result "1-0"]
[WhiteElo "2830"]
[BlackElo "2569"]
[TimeControl "180+1"]
[EndTime "8:52:57 PST"]
[Termination "klimkoj won on time"]

1. Nf3 e6 2. c4 b6 3. d4 Bb7 4.
Nc3 f5 5. d5 Nf6 6. a3 Bd6 7.
g3 O-O 8. Bg2 Ba6 9. dxe6 Bxc4 10. Nd2 Bxe6 11. Bxa8 c6 12. Nb5 cxb5 13. Bg2 Nc6 14.
O-O Qe7 15. b4 Be5 16. Rb1 Ba2 17. Rb3 Bxb3 18. Qxb3+ Qf7 19. Qd3 d5 20. Qxb5 Nd4 21.
Qd3 Ne4 22. Nf3 Nxf3+ 23. exf3 Nf6 24. Re1 Bd6 25. Bb2 f4 26. Bxf6 gxf6 27. Qf5 Kg7 28.
Re6 Be5 29. gxf4 Bc3 30. Qxd5 Re8 31. f5 Rc8 32. Qe4 Be5 33. f4 Rc1+ 34. Bf1 Qh5 35. fxe5 Qg5+ 36. Qg2 1-0

[Event "Early-Titled-Tuesday-Blitz-February-27-2024"]
[Site "Chess.com"]
[Date "2024.02.27"]
[Round "5"]
[White "Aygehovit1992"]
[Black "ploxoi"]
[Result "1-0"]
[WhiteElo "2676"]
[BlackElo "2461"]
[TimeControl "180+1"]
[EndTime "8:53:03 PST"]
[Termination "Aygehovit1992 won by checkmate"]

1. e4 c5 2. Nf3 e6 3. d4 cxd4 4. Nxd4 Nc6 5. Nc3 Qc7 6. Be3 a6 7. a3 Nf6 8. f4 d6 9. Qf3 b5 10.
Nxc6 Qxc6 11. Bd3 Bb7 12. O-O Be7 13. Rae1 Rc8 14. Bd4 O-O 15. Kh1 Rfe8 16. Qh3 Nd7 17. Nd5 Bd8 18. Re3 e5 19. Bc3 Nb6 20. Rg3 Qd7 21.
Qh6 f5 22. Nxb6 Bxb6 23. exf5 Rxc3 24. f6 g6 25. Bxg6 Rxg3 26. f7+ Kh8 27. Qxh7# 1-0

[Event "Early-Titled-Tuesday-Blitz-February-27-2024"]
[Site "Chess.com"]
[Date "2024.02.27"]
[Round "5"]
[White "chucksterf10"]
[Black "Roosters19"]
[Result "1-0"]
[WhiteElo "2553"]
[BlackElo "2305"]
[TimeControl "180+1"]
[EndTime "8:53:05 PST"]
[Termination "chucksterf10 won by resignation"]

1. a3 Nf6 2. c4 c5 3. b4 cxb4 4. axb4 b5 5. cxb5 Bb7 6. e3 d6 7. Nf3 Nbd7 8. d4 g6 9. Bc4 Bg7 10. Qb3 O-O 11. Ng5 Qe8 12. O-O Nb6 13. Be2 h6 14.
Nf3 Bd5 15. Qb2 e5 16. Nbd2 Qe6 17. Rd1 Rfc8 18. h3 Ne4 19. Nxe4 Bxe4 20. dxe5 Rc2 21. Qd4 Bb7 22. Bd3 dxe5 23. Qh4 Rcc8 24. e4 Nc4 25.
Qg4 Qxg4 26. hxg4 Nd6 27. Bb2 Nxe4 28. Bxe5 Nc3 29. Rdc1 Bxf3 30. Bxg7 Ne2+ 31. Bxe2 Bxe2 32. Bd4 Rxc1+ 33. Rxc1 Bxb5 34. Rc7 a6 35. Be3 Kg7 36. Bd4+ Kg8 37. Kh2 Rd8 38. Be3 Kg7 39. Kg3 h5 40.
g5 Rd5 41. f4 Rd3 42. Kf2 Rd5 43. g3 Rf5 44. Bd4+ Kh7 45. Rc8 f6 46. Bxf6 1-0

[Event "Early-Titled-Tuesday-Blitz-February-27-2024"]
[Site "Chess.com"]
[Date "2024.02.27"]
[Round "5"]
[White "ukchessbomber"]
[Black "Tashik"]
[Result "1-0"]
[WhiteElo "2658"]
[BlackElo "2498"]
[TimeControl "180+1"]
[EndTime "8:53:06 PST"]
[Termination "ukchessbomber won on time"]

1. a4 e5 2. h3 d5 3. d3 Nf6 4. Nd2 Be7 5. g3 O-O 6. Bg2 c5 7. e3 Nc6 8. Ne2 Be6 9. O-O Qd7 10.
g4 Ne8 11. Ng3 Nd6 12. e4 dxe4 13.
Ndxe4 Nxe4 14. Bxe4 g6 15. Bh6 Rfe8 16. Kh2 Nd4 17.
c3 Nb3 18. Rb1 Rad8 19. Qf3 Na5 20. Nf5 Bf8 21. Bg5 Bxf5 22. gxf5 Rc8 23. Rg1 Nc6 24. Qh5 Ne7 25. Bxe7 Qxe7 26. fxg6 fxg6 27. Bxg6 hxg6 28. Rxg6+ Bg7 29. Rbg1 1-0

[Event "Early-Titled-Tuesday-Blitz-February-27-2024"]
[Site "Chess.com"]
[Date "2024.02.27"]
[Round "5"]
[White "JulbeNn"]
[Black "emiliochess"]
[Result "0-1"]
[WhiteElo "2537"]
[BlackElo "2363"]
[TimeControl "180+1"]
[EndTime "8:53:07 PST"]
[Termination "emiliochess won by resignation"]

1. e4 c5 2. Nc3 g6 3. f4 Bg7 4. Nf3 e6 5. Bc4 Ne7 6. d3 d5 7. Bb3 dxe4 8. Nxe4 Nbc6 9. O-O b6 10. Qe1 O-O 11. Qh4 Nf5 12. Qf2 Ncd4 13. Ne5 Nxb3 14. axb3 Bb7 15. Be3 Qc7 16. Ng4 h5 17. Ngf6+ Kh8 18.
Bd2 Bxe4 19. Nxe4 Bd4 20. Bc3 Rad8 21. Kh1 Qe7 22. Ng5 Kg8 23. Bxd4 Rxd4 24. Rfe1 Rfd8 25. Qd2 R8d7 26. Nf3 R4d5 27. Ne5 Rc7 28. Qf2 Rd4 29. Nf3 Rxf4 30. Qd2 Rg4 31. h3 Rb4 32. Ne5 Rd4 33. Qf2 Qh4 34. Qg1 Ng3+ 35. Kh2 Qf4 36. Nf3 Ne2+ 37. Kh1 Nxg1 38. Kxg1 0-1

[Event "Early-Titled-Tuesday-Blitz-February-27-2024"]
[Site "Chess.com"]
[Date "2024.02.27"]
[Round "5"]
[White "marcodobrikov"]
[Black "ChessSkool"]
[Result "1-0"]
[WhiteElo "2615"]
[BlackElo "2725"]
[TimeControl "180+1"]
[EndTime "8:53:08 PST"]
[Termination "marcodobrikov won on time"]

1. Nf3 d5 2. c4 Nf6 3. Nc3 e6 4.
d4 a6 5. c5 b6 6. cxb6 c5 7.
Bf4 Qxb6 8. Na4 Qa5+ 9. Bd2 Qd8 10. Nxc5 Bxc5 11. dxc5 Nc6 12. b4 e5 13. e3 O-O 14.
Be2 d4 15. Bc4 Bg4 16. h3 Bh5 17. g4 Bg6 18. O-O h5 19. g5 Ne4 20. exd4 Nxd4 21. Be3 Nxf3+ 22. Qxf3 Nxg5 23. Qg2 Nh7 24. Qxg6 Nf6 25.
Rad1 Qc8 26. Bh6 Ne8 27. Kh2 Rb8 28. Rg1 Rxb4 29. Bxg7 Rxc4 30. Qh6 f6 31. Bxf8+ Kf7 32. Qg7+ Ke6 33. Qg8+ 1-0

[Event "Early-Titled-Tuesday-Blitz-February-27-2024"]
[Site "Chess.com"]
[Date "2024.02.27"]
[Round "5"]
[White "Kirill_Klukin"]
[Black "Skatchkov_V"]
[Result "1-0"]
[WhiteElo "2851"]
[BlackElo "2652"]
[TimeControl "180+1"]
[EndTime "8:53:10 PST"]
[Termination "Kirill_Klukin won on time"]

1. d4 Nf6 2. Nf3 d5 3. c4 e6 4.
Nc3 c5 5. cxd5 cxd4 6. Qa4+ Bd7 7. Qxd4 exd5 8. Nxd5 Qa5+ 9. Nc3 Nc6 10. Qd1 O-O-O 11.
Bd2 Bg4 12. e3 Ne5 13. Be2 Nxf3+ 14. Bxf3 Bxf3 15. Qxf3 Bd6 16. Rd1 Qe5 17. g3 h5 18.
h4 Kb8 19. Kf1 Rh6 20. Ne2 Bb4 21. Nd4 Bxd2 22. Rxd2 Ne4 23. Nc6+ bxc6 24. Rxd8+ Kc7 25. Rd4 Re6 26. Qf4 1-0

[Event "Early-Titled-Tuesday-Blitz-February-27-2024"]
[Site "Chess.com"]
[Date "2024.02.27"]
[Round "5"]
[White "toog"]
[Black "Eagle_2019"]
[Result "0-1"]
[WhiteElo "2631"]
[BlackElo "2888"]
[TimeControl "180+1"]
[EndTime "8:53:10 PST"]
[Termination "Eagle_2019 won by resignation"]

1. d4 d5 2. Nf3 Nf6 3. g3 e6 4. Bg2 Be7 5. c4 O-O 6. O-O Nbd7 7. Qc2 c6 8. Nbd2 b6 9. e4 dxc4 10. Nxc4 Bb7 11. Rd1 c5 12. e5 Nd5 13. h4 h6 14.
Nd6 Bxd6 15. exd6 Rc8 16. Qe2 N7f6 17. dxc5 Rxc5 18. Bd2 Rc6 19. Ne5 Rxd6 20. g4 Nh7 21. g5 hxg5 22. hxg5 Nxg5 23. Qh5 Nh7 24. Rac1 Ndf6 25.
Qe2 Bxg2 26. Kxg2 Qa8+ 27. Kg1 Rd5 28. Bc3 Ng5 29. Rxd5 Qxd5 30. Qg4 Nxg4 0-1

[Event "Early-Titled-Tuesday-Blitz-February-27-2024"]
[Site "Chess.com"]
[Date "2024.02.27"]
[Round "5"]
[White "ChessSwole"]
[Black "falzehope0"]
[Result "1-0"]
[WhiteElo "2691"]
[BlackElo "2344"]
[TimeControl "180+1"]
[EndTime "8:53:11 PST"]
[Termination "ChessSwole won by resignation"]

1. e4 d6 2. d4 Nf6 3. Bd3 Nbd7 4. Nf3 e5 5. c3 Be7 6. O-O O-O 7. Nbd2 c6 8. Re1 h6 9. a4 g5 10. Nc4 Re8 11. dxe5 dxe5 12. Nfxe5 Nc5 13. Bc2 Qxd1 14. Rxd1 Ncxe4 15. Be3 Nc5 16. Nd6 Bxd6 17. Rxd6 Nfe4 18. Rxh6 Rxe5 19. Bd4 f6 20. Bxe5 fxe5 21. b4 Kg7 22.
bxc5 Kxh6 23. Bxe4 Be6 24. Rb1 Bc8 25. f3 Kg7 26.
Kf2 Kf6 27. Ke3 Ke7 28. a5 Kd7 29. Rd1+ Kc7 30. Rd6 Bd7 31. Rg6 g4 32. fxg4 Rf8 33. Rg7 Kc8 34. h4 Rf1 35. Bf5 Bxf5 36. gxf5 Rxf5 37.
g4 Rf1 38. h5 Rh1 39. Ke4 Re1+ 40. Kf5 e4 41. h6 e3 42. h7 Rh1 43. Rg8+ Kd7 44.
h8=Q Rxh8 45. Rxh8 e2 46. Rh1 b6 47. axb6 axb6 48.
cxb6 c5 49. g5 Kc6 50. Re1 Kxb6 51. g6 Kb5 52. g7 Kc4 53. g8=Q+ Kxc3 54. Rxe2 c4 55.
Qg7+ Kd3 56. Qe5 1-0

[Event "Early-Titled-Tuesday-Blitz-February-27-2024"]
[Site "Chess.com"]
[Date "2024.02.27"]
[Round "5"]
[White "Pedrada88"]
[Black "Kobalia"]
[Result "1-0"]
[WhiteElo "2585"]
[BlackElo "2799"]
[TimeControl "180+1"]
[EndTime "8:53:12 PST"]
[Termination "Pedrada88 won by resignation"]

1. Nf3 d5 2. c4 c6 3. g3 Bg4 4. Bg2 e6 5. O-O Nf6 6. cxd5 Bxf3 7. Bxf3 cxd5 8. d3 Nc6 9. e4 dxe4 10. dxe4 Bc5 11. Nc3 O-O 12. Bf4 e5 13. Bg5 Nd4 14. Nd5 Be7 15. Bxf6 Bxf6 16. Bg4 Bg5 17. f4 Bf6 18.
Rc1 Qd6 19. Rc7 Bd8 20. Rxb7 Qc6 21. Rd7 f5 22. Rxd8 Qc5 23. b4 Qc4 24. Ne7+ Kh8 25. Rxa8 Rxa8 26. Nxf5 Rd8 27. Nxd4 exd4 28. Qb3 Qb5 29. a4 Qb6 30. a5 Qb5 31. Rd1 d3 32. Be2 1-0

[Event "Early-Titled-Tuesday-Blitz-February-27-2024"]
[Site "Chess.com"]
[Date "2024.02.27"]
[Round "5"]
[White "LimeInTheCoconut"]
[Black "FernandoArauzAlonso"]
[Result "1/2-1/2"]
[WhiteElo "2504"]
[BlackElo "2649"]
[TimeControl "180+1"]
[EndTime "8:53:13 PST"]
[Termination "Game drawn by repetition"]

1. b3 Nf6 2. Bb2 g6 3. Bxf6 exf6 4. c4 Bg7 5. Nc3 f5 6. Rc1 Nc6 7. g3 O-O 8. Bg2 Re8 9. e3 Ne7 10. Nge2 c6 11. d4 d6 12. O-O a5 13. a3 Qc7 14. b4 axb4 15. axb4 Bd7 16. Qb3 Ra7 17. Ra1 Rea8 18. Qb2 Qb8 19. b5 c5 20. Nd5 Nxd5 21.
Bxd5 Be6 22. Nf4 Bxd5 23. Nxd5 Rxa1 24. Rxa1 Rxa1+ 25. Qxa1 cxd4 26. exd4 Qe8 27. Nc7 Qe4 28. Qa8+ Bf8 29. Nd5 Qe1+ 30. Kg2 Qe4+ 31. Kg1 Qe1+ 32. Kg2 Qe4+ 33. Kg1 1/2-1/2

[Event "Early-Titled-Tuesday-Blitz-February-27-2024"]
[Site "Chess.com"]
[Date "2024.02.27"]
[Round "5"]
[White "KanalSzachowy"]
[Black "vishwa_vijeta"]
[Result "1-0"]
[WhiteElo "2468"]
[BlackElo "2592"]
[TimeControl "180+1"]
[EndTime "8:53:13 PST"]
[Termination "KanalSzachowy won by resignation"]

1. e4 c5 2. Nf3 d6 3. d4 cxd4 4. Nxd4 Nf6 5. Bb5+ Bd7 6. c4 Nxe4 7. Qf3 Bxb5 8.
Nxb5 Nc5 9. b4 a6 10. bxc5 axb5 11. O-O Nd7 12. cxd6 e6 13. Rd1 bxc4 14. Na3 Qf6 15. Bf4 Bxd6 16. Bxd6 Qxf3 17. gxf3 Nf6 18. Nxc4 Nd5 19.
Rab1 Nc3 20. Rxb7 Nxd1 21. Be7 Ra6 22. Nd6+ Rxd6 23. Bxd6 1-0

[Event "Early-Titled-Tuesday-Blitz-February-27-2024"]
[Site "Chess.com"]
[Date "2024.02.27"]
[Round "5"]
[White "Al_Shima"]
[Black "TERMINATOR_PC"]
[Result "1-0"]
[WhiteElo "2421"]
[BlackElo "2558"]
[TimeControl "180+1"]
[EndTime "8:53:13 PST"]
[Termination "Al_Shima won by resignation"]

1. e4 e5 2. Bc4 Nf6 3. d4 exd4 4. Nf3 Nc6 5. O-O Nxe4 6. Re1 d5 7. Bxd5 Qxd5 8. Nc3 Qd7 9. Rxe4+ Be7 10. Nxd4 f5 11.
Rf4 Bd6 12. Qe2+ Ne7 13. Rxf5 c5 14. Ndb5 Bb8 15. Rf3 a6 16. Na3 b5 17. Ne4 Bb7 18.
Bf4 Qe6 1-0

[Event "Early-Titled-Tuesday-Blitz-February-27-2024"]
[Site "Chess.com"]
[Date "2024.02.27"]
[Round "5"]
[White "LangesNasenhaar"]
[Black "yuriydovzik"]
[Result "1-0"]
[WhiteElo "2404"]
[BlackElo "2131"]
[TimeControl "180+1"]
[EndTime "8:53:14 PST"]
[Termination "LangesNasenhaar won on time"]

1. d4 Nf6 2. Bg5 Ne4 3. h4 c5 4. dxc5 Qa5+ 5. Nd2 Nxg5 6. hxg5 Qxc5 7. g6 fxg6 8. e3 Nc6 9. Bd3 Ne5 10. Ngf3 Nxd3+ 11. cxd3 d6 12. Rc1 Qb4 13. a3 Qg4 14. Ke2 e5 15. Rh4 Qd7 16. Qb3 Be7 17. Rh2 Qe6 18. Qb5+ Bd7 19. Qxb7 O-O 20. Qa6 Rab8 21. b4 Bb5 22. Qxa7 e4 23. Nd4 Bxd3+ 24. Ke1 Qf7 25. g3 1-0

[Event "Early-Titled-Tuesday-Blitz-February-27-2024"]
[Site "Chess.com"]
[Date "2024.02.27"]
[Round "5"]
[White "Austen48"]
[Black "FMStan15"]
[Result "1-0"]
[WhiteElo "2253"]
[BlackElo "2086"]
[TimeControl "180+1"]
[EndTime "8:53:14 PST"]
[Termination "Austen48 won by checkmate"]

1. d4 Nf6 2. c4 g6 3. Nc3 Bg7 4. e4 d6 5. f3 O-O 6. Be3 e5 7. Nge2 c6 8. Qd2 Ne8 9. d5 cxd5 10. cxd5 a6 11. g4 b5 12. O-O-O Qa5 13. Ng3 b4 14. Nb1 Qxa2 15. Qxb4 Nd7 16. Bc4 Qa1 17. Rd3 Rb8 18.
Qxb8 Nxb8 19. Ra3 Qxa3 20. Nxa3 f5 21. gxf5 gxf5 22. Ba7 Nd7 23. Nxf5 Kh8 24. Rg1 Bf6 25. Nc2 Nc5 26. Nce3 Bxf5 27. Nxf5 Rf7 28. Bxc5 dxc5 29.
d6 Rf8 30. Bxa6 h6 31. Kc2 Bg5 32. h4 Bd8 33. Bc4 Nf6 34. Nxh6 Bb6 35. Nf7+ Kh7 36. Nxe5 Rd8 37. Nf7 Rd7 38. e5 Ne8 39. Bd3# 1-0

[Event "Early-Titled-Tuesday-Blitz-February-27-2024"]
[Site "Chess.com"]
[Date "2024.02.27"]
[Round "5"]
[White "1977Ivan"]
[Black "jefferyx"]
[Result "0-1"]
[WhiteElo "2732"]
[BlackElo "3044"]
[TimeControl "180+1"]
[EndTime "8:53:17 PST"]
[Termination "jefferyx won by resignation"]

1. d4 d5 2. c4 e6 3. Nc3 Nf6 4. cxd5 exd5 5. Bg5 c6 6. e3 Bd6 7. Bd3 O-O 8. Nge2 Re8 9. Qc2 h6 10. Bh4 a5 11. h3 Na6 12. a3 Nc7 13. O-O Ne6 14.
Rad1 Bd7 15. Bf5 Ng5 16. f4 Bxf5 17. Qxf5 Ngh7 18. Rf3 Qd7 19. Qc2 b5 20. Ng3 g5 21.
fxg5 hxg5 22. Rdf1 gxh4 23. Nh5 Ne4 24. Rxf7 Qe6 25.
Nxe4 Qxe4 26. Qf2 Qxe3 27. Rg7+ Kh8 28. Qxe3 Rxe3 29. Rff7 Nf8 30. Nf6 Re1+ 31. Kf2 Bg3+ 32. Kf3 Rf1+ 33. Kg4 Rxf6 0-1

[Event "Early-Titled-Tuesday-Blitz-February-27-2024"]
[Site "Chess.com"]
[Date "2024.02.27"]
[Round "5"]
[White "Szparu"]
[Black "dosto07"]
[Result "1-0"]
[WhiteElo "2770"]
[BlackElo "2490"]
[TimeControl "180+1"]
[EndTime "8:53:17 PST"]
[Termination "Szparu won on time"]

1. e4 e5 2. f4 d5 3. exd5 exf4 4. Nf3 Nf6 5. Bc4 Bd6 6. O-O O-O 7. Nc3 c6 8. d4 Bg4 9. h3 Bh5 10. dxc6 Nxc6 11.
d5 Bxf3 12. Qxf3 Ne5 13. Qe2 f3 14. gxf3 Qc8 15. Bb3 Qxh3 16. Bf4 Bc5+ 17. Be3 Qg3+ 18. Kh1 Bxe3 19. Qxe3 Rfe8 20. Qg1 Qh3+ 21. Qh2 Qf5 22.
Qg2 Ng6 23. Rae1 Nf4 24. Qg3 N6xd5 25. Ne4 Qh5+ 26. Kg1 Nh3+ 27. Kh2 Nhf4+ 28. Kg1 Nh3+ 29. Kg2 Nhf4+ 30. Kf2 Nh3+ 31. Ke2 Nhf4+ 32. Kd2 Rad8 33.
Kc1 Rc8 34. Kb1 Qf5 35. Nd6 Rxe1+ 36. Rxe1 Rd8 37. Nxf5 1-0